 Dungeon Crawl Stone Soup version 0.23-a0-642-g3120c2f5a9 (webtiles) character file.

256 HereIgoKillingAgain the Insei (level 5, -1/40 HPs)
             Began as a Draconian Transmuter on Dec 31, 2018.
             Slain by a gnoll
             ... wielding a +0 club
              (5 damage)
             ... on level 2 of the Dungeon.
             The game lasted 00:02:54 (2692 turns).

HereIgoKillingAgain the Insei (DrTm)                Turns: 2692, Time: 00:02:54

Health: -1/40      AC:  5    Str: 12    XL:     5   Next: 92%
Magic:  6/8        EV: 17    Int: 14    God:
Gold:   150        SH:  0    Dex: 17    Spells: 5/8 levels left

rFire    . . .     SeeInvis .     - Unarmed
rCold    . . .     Gourm    .   (no shield)
rNeg     . . .     Faith    .   (armour unavailable)
rPois    .         Spirit   .   (helmet restricted)
rElec    .         Reflect  .   (no cloak)
rCorr    .         Harm     .   (no gloves)
MR       .....                  (no boots)
Stlth    +++.......             (no amulet)
HPRegen  0.13/turn              (no ring)
MPRegen  0.11/turn              (no ring)

@: agile, appendage (expiring)
A: unfitting armour, horns 2, cold-blooded, AC +5
a: End Transformation


You were on level 2 of the Dungeon.
You were not hungry.
You had grown temporary horns.
You visited 1 branch of the dungeon, and saw 3 of its levels.

You collected 150 gold pieces.

Inventory:

Jewellery
 d - an uncursed ring of protection from fire {unknown}
 l - an uncursed amulet of harm {unknown}
Scrolls
 b - 3 scrolls of identify {unknown}
 e - 3 scrolls of amnesia {unknown}
 j - a scroll of enchant armour {unknown}
 k - 2 scrolls of teleportation {unknown}
 m - a scroll of fog {unknown}
 o - 2 scrolls of remove curse {unknown}
Potions
 g - a potion of curing {unknown}
 i - a potion of ambrosia {unknown}
 n - a potion of heal wounds {unknown}
Comestibles
 c - 4 rations


   Skills:
 - Level 1.1 Fighting
 - Level 1.7 Dodging
 * Level 5.7 Unarmed Combat
 - Level 2.0 Spellcasting
 + Level 3.9 Transmutations


You had 5 spell levels left.
You knew the following spells:

 Your Spells              Type           Power        Failure   Level  Hunger
a - Beastly Appendage     Tmut           ##....       4%          1    ##.....
b - Sticks to Snakes      Tmut           ##......     8%          2    ###....

Your spell library contained the following spells:

 Spells                   Type           Power        Failure   Level  Hunger
 Spider Form              Tmut/Pois      #.........   32%         3    ####...
 Ice Form                 Ice/Tmut       #.......     71%         4    #####..
 Blade Hands              Tmut           ##........   80%         5    ######.


Dungeon Overview and Level Annotations

Branches:
Dungeon (3/15)

Altars:
Dithmenos
Wu Jian


Innate Abilities, Weirdness & Mutations

Your plain brown scales are hard. (AC +5)
You cannot fit into any form of body armour.
You are cold-blooded and may be slowed by cold attacks.
You have a pair of horns on your head.


Message History

You don't have anything to turn into a snake.
Casting: Sticks to Snakes (safe; 8% risk of failure)
Confirm with . or Enter, or press ? or * to list all spells.
You don't have anything to turn into a snake.
Your ball python bites the gnoll but does no damage.
Your ball python grabs the gnoll.
Your ball python constricts the gnoll.
The gnoll struggles to escape constriction.
Your ball python bites the gnoll.
Your ball python constricts the gnoll.
The gnoll struggles to escape constriction.
Your ball python bites the gnoll.
Your ball python constricts the gnoll.
Your ball python bites the gnoll but does no damage.
Your ball python constricts the gnoll.
The gnoll struggles to escape constriction.
You feel agile all of a sudden. The gnoll hits you with a +0 club.
* * * LOW HITPOINT WARNING * * *
You hit the gnoll. Your headbutt misses the gnoll.
The gnoll is lightly wounded.
The gnoll hits you with a +0 club.
You die...

### ###.#######
#@g.......########
###.#.............
#...#.###.#####.##
#.#.#.# #.#.###.##
##.#.#.###.#.......
#...g....#.#.###.##
##.#.S>......##....
#.#.#.......###.#.
#............##.#.


You could see a gnoll.

Vanquished Creatures
  Sigmund (D:3)
  A leopard gecko (D:3)
  5 orcs (D:3)
  4 giant cockroaches (D:3)
  7 goblins
  A hobgoblin (D:3)
  2 jackals (D:3)
  A ball python (D:1)
  5 bats
  2 frilled lizards (D:1)
  6 kobolds
  8 rats
43 creatures vanquished.

Vanquished Creatures (collateral kills)
  A bullfrog (D:3)
  2 orcs (D:3)
  A hobgoblin (D:3)
  A kobold (D:3)
  A frilled lizard (D:3)
  A goblin (D:3)
  A rat (D:3)
8 creatures vanquished.

Grand Total: 51 creatures vanquished

Notes
Turn   | Place    | Note
-------+----------+-------------------------------------------
     0 | D:1      | HereIgoKillingAgain the Draconian Transmuter began the
                  | quest for the Orb.
     0 | D:1      | Reached XP level 1. HP: 16/16 MP: 3/3
   148 | D:1      | Reached XP level 2. HP: 4/23 MP: 3/5
  1572 | D:3      | Learned a level 2 spell: Sticks to Snakes
  1613 | D:3      | Found a shadowy altar of Dithmenos.
  1613 | D:3      | Found an ornate altar of the Wu Jian Council.
  1658 | D:3      | Reached XP level 3. HP: 25/28 MP: 4/6
  1764 | D:3      | Noticed a bullfrog
  1778 | D:3      | Killed a bullfrog
  1778 | D:3      | Reached skill level 4 in Unarmed Combat
  1952 | D:3      | Noticed Sigmund
  2016 | D:3      | Killed Sigmund
  2016 | D:3      | Reached skill level 5 in Unarmed Combat
  2016 | D:3      | Reached XP level 4. HP: 35/35 MP: 1/7
  2016 | D:3      | Reached XP level 5. HP: 40/40 MP: 1/8
  2692 | D:2      | Slain by a gnoll

Vault maps used:
D:1:      lemuel_arrival_behind_the_door_large, minmay_octomino_j4
D:3:      nicolae_overflow_hidden_temple, corexii_leaking_fountain,
          minmay_misc_feat_four_crosses, uniq_crazy_yiuf_cottage, uniq_sigmund

Skill      XL: |  1  2  3 |
---------------+----------+-----
Unarmed Combat | 5 |  5.7
Transmutations | 3 |  3.9
Fighting       | |  1.1
Dodging        | |  1.7
Spellcasting   | |  2.0

Action                   |  1- 3 |  4- 6 || total
-------------------------+-------+-------++-------
Melee: Unarmed           |    77 |    41 ||   118
       Kick              |     9 |     2 ||    11
       Tailslap          |     6 |     3 ||     9
       Headbutt          |     3 |       ||     3
       Punch             |       |     2 ||     2
 Cast: Beastly Appendage |    16 |     2 ||    18
       Sticks to Snakes  |    10 |     2 ||    12
  Use: Potion            |     3 |     2 ||     5
  Eat: Ration            |     1 |     1 ||     2
       Chunk             |     1 |       ||     1
Armor: Skin              |    34 |    10 ||    44
Dodge: Dodged            |    79 |    24 ||   103

Table legend:
 A = Non-vault XP
 B = Vault XP
 C = Vault XP percentage of total XP
 D = Non-vault monster count
 E = Vault monster count
 F = Vault count percentage of total count
                 A         B        C        D         E       F
            +---------+---------+-------+---------+---------+-------
      Total |     121 |     246 |  67.0 |      47 |       4 |   7.8
            +---------+---------+-------+---------+---------+-------
        D:1 |      21 |       4 |  16.0 |      16 |       3 |  15.8
        D:2 |       7 |       0 |   0.0 |       5 |       0 |   0.0
        D:3 |      93 |     242 |  72.2 |      26 |       1 |   3.7
            +---------+---------+-------+---------+---------+-------
